 Dungeon Crawl Stone Soup version 0.28-a0-241-gfbb0926a3a (webtiles) character file.

Game seed: 6327864975436843712

149 Colgate the Chopper (level 5, -1/39 HPs)
             Began as a Vampire Fighter on Aug 24, 2021.
             Succumbed to an orc's poison
             ... on level 3 of the Dungeon.
             The game lasted 00:04:41 (2083 turns).

Colgate the Chopper (Vampire Fighter)               Turns: 2083, Time: 00:04:42

Health: -1/39      AC:  8    Str: 16    XL:     5   Next: 9%
Magic:  5/5        EV:  4    Int: 11    God:
Gold:   61         SH:  8    Dex: 13    Spells: 4/4 levels left

rFire   . . .      SeeInvis +   Y - +3 war axe
rCold   . . .      Faith    .   c - +0 kite shield
rNeg    . . .      Spirit   .   e - +0 chain mail
rPois   .          Reflect  .   (no helmet)
rElec   .          Harm     .   (no cloak)
rCorr   .          Rampage  .   (no gloves)
Will    .....                   (no boots)
Stlth   ..........              (no amulet)
HPRegen 0.33/turn               (no ring)
MPRegen 0.09/turn               (no ring)

@: lethally poisoned (-1 -> -30), healing quickly
A: alive, fangs 3, see invisible, vampiric 2
a: Exsanguinate


You were on level 3 of the Dungeon.
You visited 1 branch of the dungeon, and saw 3 of its levels.

You collected 61 gold pieces.


Innate Abilities, Weirdness & Mutations

Your natural rate of healing is accelerated.
You have razor-sharp teeth.
You have supernaturally acute eyesight. (SInv)
You are afflicted with vampirism and can become a bat while bloodless.


   Skills:
 - Level 2.6 Fighting
 + Level 4.7 Axes
 - Level 2.4 Armour
 - Level 1.0 Dodging
 - Level 2.6 Shields


You had 4 spell levels left.
You didn't know any spells.
Your spell library was empty.

Inventory:

Hand Weapons
 m - a +2 mace of draining
 Y - a +3 war axe (weapon)
Armour
 c - a +0 kite shield (worn)
 e - a +0 chain mail (worn)
Wands
 a - a wand of iceblast (8)
Scrolls
 b - a scroll of vulnerability {unknown}
Potions
 d - a potion of might
 f - a potion of haste
 g - a potion of lignification {unknown}
 h - a potion of brilliance {unknown}
 i - 2 potions of curing {unknown}
 k - a potion of invisibility {unknown}

Dungeon Overview and Level Annotations

Branches:
Dungeon (3/15)

Altars:


Message History

Something hits the bush but does no damage.
You closely miss the orc priest.
The orc priest hits you but does no damage.
The orc priest hits you with a +0 flail!
You hit the orc priest. Your bite misses the orc priest.
The orc priest is heavily wounded.
You barely miss the orc. The orc hits you with a +0 hand axe.
You block the orc priest's attack. You block the orc's attack.
You hit the kobold.
The kobold is severely wounded.
You barely miss the orc. You slash the orc!
You kill the orc!
The orc hits you with a +0 hand axe. You block the orc's attack.
The kobold hits you but does no damage. The orc hits you but does no damage.
You are poisoned.
You closely miss the kobold.
The kobold is severely wounded.
You hit the orc. x2
You feel very sick. The orc hits you but does no damage.
The orc hits you from afar with a +0 trident.
You block the kobold's attack.
The orc hits you with a +0 flail of venom.
You are more poisoned.
The orc hits you but does no damage. The orc barely misses you.
The kobold hits you but does no damage.
You barely miss the kobold.
The kobold is severely wounded.
You hit the orc. You hit the orc but do no damage.
You feel very sick.
The orc hits you with a +0 flail of venom.
You are lethally poisoned!
The orc hits you but does no damage. x2; You block the kobold's attack.
The orc hits you with a +0 flail of venom.
You are more poisoned.
Your chain mail prevents you from hitting the kobold.
The kobold is severely wounded.
You closely miss the orc. You barely miss the orc.
You die...

........>.......##.#..#.
..#
.....###.....#...#..... ..
.....#.......#.#.### .#
######.##.##.).....##.###.
#. #. #.#............ . #.
#.##........... . ##
#.####.........
#...K#.........
#...o@.#.......
.....oo###....##. ###...o
....# #..... ......
....... .###### ..P..P. .#
....... .# P......


You could see an orc priest, 3 orcs and a kobold.

Vanquished Creatures
  Jessica (D:2)
  Ijyb (D:3)
  5 adders
  A worm (D:3)
  An orc (D:3)
  3 ball pythons
  7 bats
  4 endoplasms
  A giant cockroach (D:3)
  5 goblins
  3 hobgoblins
  9 kobolds
  A quokka (D:2)
  5 frilled lizards
  2 rats
49 creatures vanquished.

Notes
Turn   | Place    | Note
-------+----------+-------------------------------------------
     0 | D:1      | Colgate the Vampire Fighter began the quest for the Orb.
     0 | D:1      | Reached XP level 1. HP: 17/17 MP: 1/1
     0 | D:1      | 0 ||| counter = 60
    26 | D:1      | Reached skill level 2 in Axes
   253 | D:1      | Reached skill level 1 in Dodging
   314 | D:1      | Reached XP level 2. HP: 23/23 MP: 2/2
   420 | D:1      | Found a faded altar of an unknown god.
   894 | D:1      | 894 ||| READING scroll labelled AWOMIL BECSIA.
   906 | D:2      | 906 ||| STAIRDANCE
   913 | D:2      | 913 ||| STAIRDANCE
  1046 | D:2      | Reached skill level 3 in Axes
  1046 | D:2      | Gained mutation: You are afflicted with vampirism and can
                  | become a bat while bloodless. [Vampire growth]
  1046 | D:2      | Reached XP level 3. HP: 28/28 MP: 3/3
  1247 | D:2      | Noticed Jessica
  1254 | D:2      | Killed Jessica
  1255 | D:2      | Reached XP level 4. HP: 34/34 MP: 4/4
  1286 | D:2      | 1286 ||| DROPPING +0 club.
  1457 | D:2      | Reached skill level 4 in Axes
  1568 | D:2      | 1568 ||| UPGRADING to +0 chain mail.
  1578 | D:2      | 1578 ||| DROPPING +0 scale mail.
  1579 | D:2      | 1579 ||| READING scroll labelled UHEPANAMNIQ.
  1580 | D:2      | 1580 ||| READING scroll labelled ZIETEILOAL.
  1583 | D:2      | 1583 ||| READING scroll labelled XYRIMA UXENI.
  1690 | D:3      | Noticed Ijyb
  1699 | D:3      | Killed Ijyb
  1749 | D:3      | 1749 ||| STAIRDANCE
  1761 | D:2      | 1761 ||| READING scroll labelled FEK DOATEA.
  1762 | D:2      | 1762 ||| DRINKING 2 silvery potions.
  1763 | D:2      | 1763 ||| DRINKING 2 metallic yellow potions.
  1764 | D:2      | 1764 ||| DROPPING potion of attraction.
  1772 | D:3      | 1772 ||| STAIRDANCE
  1837 | D:3      | HP: 8/34 [poisoned by a kobold]
  1937 | D:3      | 1937 ||| READING scroll of enchant weapon.
  1937 | D:3      | 1937 ||| ENCHANTING +1 war axe.
  1949 | D:3      | Reached XP level 5. HP: 32/39 MP: 5/5
  2050 | D:3      | 2050 ||| READING scroll of enchant weapon.
  2050 | D:3      | 2050 ||| ENCHANTING +2 war axe.
  2082 | D:3      | HP: 7/39 [orc (4)]
  2083 | D:3      | Succumbed to an orc's poison

Levels and vault maps discovered:
D:1:      psy_arrival_basics, layout_basic, hellmonk_ecumenical_altar_blasted,
          dk_noncrumbling_2, hex_medium, st_stairs_12
D:2:      layout_loops_cross, uniq_jessica
D:3:      layout_rooms, minmay_misc_feat_plants, uniq_ijyb

Skill      XL: |  1  2  3  4 |
---------------+-------------+-----
Axes           | 2 3 4 |  4.7
Dodging        | 1 |  1.0
Fighting       | |  2.6
Armour         | |  2.4
Shields        | |  2.6

Action                   |  1- 3 |  4- 6 || total
-------------------------+-------+-------++-------
Melee: War axe           |    66 |    64 ||   130
       Bite              |    10 |     5 ||    15
  Use: Scroll            |     1 |     6 ||     7
       Potion            |       |     2 ||     2
Armor: Scale mail        |    38 |     9 ||    47
       Chain mail        |       |    30 ||    30
Dodge: Dodged            |    23 |    15 ||    38
Block: Kite shield       |    31 |    28 ||    59

Table legend:
 A = Non-vault XP
 B = Vault XP
 C = Vault XP percentage of total XP
 D = Non-vault monster count
 E = Vault monster count
 F = Vault count percentage of total count
                 A         B        C        D         E       F
            +---------+---------+-------+---------+---------+-------
      Total |     136 |      77 |  36.2 |      45 |       4 |   8.2
            +---------+---------+-------+---------+---------+-------
        D:1 |      28 |       4 |  12.5 |      11 |       2 |  15.4
        D:2 |      54 |      37 |  40.7 |      19 |       1 |   5.0
        D:3 |      54 |      36 |  40.0 |      15 |       1 |   6.2
            +---------+---------+-------+---------+---------+-------
